[Event "Titled Tuesday Blitz May 31 Late 2022"]
[White "Murzin, Volodar"]
[Black "Papasimakopoulos, Alexandros"]
[WhiteFideId "44155573"]
[BlackFideId "4244125"]
[WhiteElo "2585"]
[BlackElo "2340"]
[Result "0-1"]
[Round "06"]
[TimeControl "180+1"]
[Date "2022.05.31"]
[WhiteClock "0:00:01"]
[BlackClock "0:01:18"]

1. e4 e6 2. d4 d5 3. Nc3 Bb4 4. e5 b6 5. a3 Bf8 6. h4 h5 7. Nge2 Ba6 8. Nf4 Bxf1 9. Kxf1 g6 10. Qd3 Ne7 11. g3 Nf5 12. Kg2 c5 13. Nce2 cxd4 14. Nxd4 Nxd4 15. Qxd4 Nc6 16. Qe3 Bc5 17. Qe2 Nd4 18. Qd3 Nf5 19. Rd1 Qc7 20. Qe2 Kf8 21. c3 Kg7 22. Nd3 Be7 23. Bf4 Qc4 24. Qd2 d4 25. Rac1 Rac8 26. Bg5 dxc3 27. Rxc3 Qd5+ 28. Kh2 Rxc3 29. bxc3 Qf3 30. Bf6+ Bxf6 31. exf6+ Kxf6 32. c4 Rd8 33. c5 bxc5 34. Qg5+ Kg7 0-1


[Site "https://www.chess.com"]

[Event "Titled Tuesday Blitz May 31 Late 2022"]
[White "Nakamura, Hikaru"]
[Black "Norowitz, Yaacov"]
[WhiteFideId "2016192"]
[BlackFideId "2024799"]
[WhiteElo "2850"]
[BlackElo "2412"]
[Result "1-0"]
[Round "06"]
[TimeControl "180+1"]
[Date "2022.05.31"]
[WhiteClock "0:00:48"]
[BlackClock "0:00:55"]

1. Nf3 b6 2. e4 Bb7 3. Nc3 e6 4. d4 Bb4 5. Bd3 Ne7 6. O-O Bxc3 7. bxc3 d6 8. Ng5 h6 9. Qh5 O-O 10. Nh3 Qe8 11. Bxh6 f5 12. Qg5 Ng6 13. exf5 exf5 14. Nf4 Kh7 15. Bxg7 Kxg7 16. Rae1 Qf7 17. Re6 1-0


[Site "https://www.chess.com"]

[Event "Titled Tuesday Blitz May 31 Late 2022"]
[White "Niemann, Hans Moke"]
[Black "Pakleza, Zbigniew"]
[WhiteFideId "2093596"]
[BlackFideId "1119290"]
[WhiteElo "2632"]
[BlackElo "2467"]
[Result "0-1"]
[Round "06"]
[TimeControl "180+1"]
[Date "2022.05.31"]
[WhiteClock "0:00:07"]
[BlackClock "0:00:04"]

1. d4 d5 2. c4 c6 3. Nf3 Nf6 4. e3 Bf5 5. Nc3 e6 6. Nh4 Be4 7. f3 Bg6 8. Qb3 Qb6 9. Nxg6 hxg6 10. Bd2 Nbd7 11. O-O-O Qxb3 12. axb3 Bd6 13. Bd3 O-O-O 14. h3 a6 15. f4 c5 16. g4 Kb8 17. Kb1 Bc7 18. Rdf1 cxd4 19. exd4 Nb6 20. c5 Nc8 21. b4 Ne7 22. b5 axb5 23. Nxb5 Nc6 24. b4 Ne4 25. Be1 f5 26. gxf5 gxf5 27. h4 Rh7 28. Rhg1 Rdh8 29. Rg6 Bd8 30. Rh1 Bf6 31. Kc2 Rh6 32. Rhg1 R6h7 33. R1g2 Kc8 34. Bxe4 fxe4 35. Kc3 Kd7 36. Bf2 Ra8 37. Kb3 Ra1 38. h5 Rb1+ 39. Kc3 Rxb4 40. h6 Rc4+ 41. Kd2 Rxh6 42. Rxg7+ Bxg7 43. Rxg7+ Kd8 44. Nd6 Rh2 45. Nxc4 Rxf2+ 46. Ke1 Rxf4 47. Nd6 Nxd4 48. Nxb7+ Ke8 49. Nd6+ Kf8 50. Rc7 e3 51. Rc8+ Kg7 52. Ne8+ Kg6 53. Rc7 Rh4 54. Rg7+ Kf5 55. Nd6+ Ke5 56. Kf1 e2+ 57. Kf2 Rf4+ 58. Ke1 Rf1+ 59. Kd2 e1=Q+ 60. Kd3 Rf3# 0-1


[Site "https://www.chess.com"]

[Event "Titled Tuesday Blitz May 31 Late 2022"]
[White "Paravyan, David"]
[Black "Eljanov, Pavel"]
[WhiteFideId "4194985"]
[BlackFideId "14102951"]
[WhiteElo "2569"]
[BlackElo "2601"]
[Result "1-0"]
[Round "06"]
[TimeControl "180+1"]
[Date "2022.05.31"]
[WhiteClock "0:00:29"]
[BlackClock "0:00:20"]

1. e4 c6 2. d4 d5 3. e5 Bf5 4. h4 h5 5. Bd3 Bxd3 6. Qxd3 Qa5+ 7. Nc3 e6 8. Bg5 Ne7 9. Ne2 Nd7 10. O-O a6 11. b4 Qc7 12. Ng3 f6 13. exf6 gxf6 14. Bd2 e5 15. a4 e4 16. Ncxe4 dxe4 17. Nxe4 Nd5 18. c4 Nxb4 19. Bxb4 Bxb4 20. c5 O-O-O 21. a5 Kb8 22. Qb3 f5 23. Ng5 Bxc5 24. Ne6 Qd6 25. Nxd8 Rxd8 26. dxc5 Nxc5 27. Qf3 Qg6 28. Rad1 Rg8 29. g3 Ka8 30. Rd4 Ne4 31. Rfd1 1-0


[Site "https://www.chess.com"]

[Event "Titled Tuesday Blitz May 31 Late 2022"]
[White "Pershin, Denis"]
[Black "Kollars, Dmitrij"]
[WhiteFideId "24165506"]
[BlackFideId "12909572"]
[WhiteElo "2275"]
[BlackElo "2584"]
[Result "0-1"]
[Round "06"]
[TimeControl "180+1"]
[Date "2022.05.31"]
[WhiteClock "0:00:01"]
[BlackClock "0:00:26"]

1. d4 Nf6 2. Nc3 d5 3. Bf4 c5 4. e3 cxd4 5. exd4 a6 6. Nf3 Nc6 7. Ne5 Bd7 8. g4 e6 9. g5 Nxe5 10. Bxe5 Ng8 11. h4 Ne7 12. Qd2 Nc6 13. Bg3 Rc8 14. a3 Qa5 15. Rb1 g6 16. Ne2 Qxd2+ 17. Kxd2 Na5 18. Nf4 h6 19. Bd3 Nc4+ 20. Bxc4 Rxc4 21. c3 Be7 22. h5 Bxg5 23. hxg6 fxg6 24. Kd3 Kf7 25. Ke2 Rcc8 26. Nh3 Bf6 27. Ng1 Ba4 28. Rc1 Bxd4 29. Nf3 Bf6 30. Kd2 g5 31. Rce1 h5 32. Ne5+ Kg7 33. f4 g4 34. Bf2 Be8 35. Nd3 Bf7 36. Bh4 Bxh4 37. Rxh4 Kf6 38. Ke2 Rc4 39. Kf2 Bg6 40. Ne5 Rxf4+ 41. Kg3 Re4 42. Nxg6 Kxg6 43. Rxe4 dxe4 44. Kf4 Rf8+ 45. Kxe4 Kg5 46. Rh1 g3 47. Rf1 0-1


[Site "https://www.chess.com"]

[Event "Titled Tuesday Blitz May 31 Late 2022"]
[White "Pinheiro, Iung Alicio de O."]
[Black "Mahdavi, Reza"]
[WhiteFideId "2104350"]
[BlackFideId "12595926"]
[WhiteElo "2283"]
[BlackElo "2253"]
[Result "1-0"]
[Round "06"]
[TimeControl "180+1"]
[Date "2022.06.01"]
[WhiteClock "0:00:08"]
[BlackClock "0:00:05"]

1. c4 g6 2. g3 Bg7 3. Bg2 Nf6 4. Nc3 d6 5. d3 O-O 6. Bg5 h6 7. Bd2 e5 8. Qc1 Kh7 9. h4 c6 10. Nf3 Bg4 11. h5 Nxh5 12. Ng1 Nd7 13. Qc2 Rc8 14. e3 f5 15. Nge2 Bxe2 16. Nxe2 d5 17. O-O-O Nhf6 18. f3 Qe7 19. d4 exd4 20. Nxd4 Ne5 21. Bh3 Kg8 22. Bxf5 gxf5 23. Nxf5 Qf7 24. Rxh6 dxc4 25. Rdh1 Nd3+ 26. Kb1 Nd5 27. Rh8+ Bxh8 28. Nh6+ Kg7 29. Nxf7 Kxf7 30. Qxc4 Ne5 31. Qe4 Bg7 32. Rh7 Rce8 33. Qf5+ Kg8 34. Qh5 Nf6 35. Rxg7+ Kxg7 36. Qg5+ Kh7 37. e4 Ng8 38. Qh5+ Kg7 39. Bc3 Nf6 40. Bxe5 Re6 41. Qg5+ Kf7 42. f4 Rg8 43. Qh4 Ng4 44. Qh7+ Kf8 45. Qf5+ Ke7 46. Qh7+ Kf8 47. Qxb7 Nxe5 48. fxe5 Rxe5 49. Qc8+ Re8 50. Qxc6 Rg7 51. Qc5+ Kg8 52. a3 Rxg3 53. Qc4+ Kh8 54. Qc5 Rg7 55. Ka2 Kg8 56. Qh5 Rf8 57. Qd5+ Rgf7 58. e5 Kg7 59. e6 Re7 60. Qg5+ Kh7 61. Qxe7+ Kg8 62. Qg5+ 1-0


[Site "https://www.chess.com"]

[Event "Titled Tuesday Blitz May 31 Late 2022"]
[White "Plazuelo Pascual, Juan"]
[Black "Ladan, Nicholas"]
[WhiteFideId "32059566"]
[BlackFideId "30918855"]
[WhiteElo "2359"]
[BlackElo "2167"]
[Result "1/2-1/2"]
[Round "06"]
[TimeControl "180+1"]
[Date "2022.06.01"]
[WhiteClock "0:00:09"]
[BlackClock "0:00:07"]

1. d4 d5 2. c4 c6 3. cxd5 cxd5 4. Bg5 Nc6 5. Nc3 Nf6 6. Bxf6 gxf6 7. e3 Bf5 8. g3 e6 9. Bd3 Bxd3 10. Qxd3 f5 11. Nge2 Bd6 12. O-O h5 13. h4 Rg8 14. Kh1 Be7 15. Kg2 a6 16. Nf4 Bxh4 17. Rh1 Be7 18. Rxh5 Qd6 19. Rh7 Bf6 20. Rah1 Nxd4 21. R1h6 Be5 22. Ncxd5 Bxf4 23. Nf6+ Ke7 24. Nxg8+ Rxg8 25. Qxd4 Qxd4 26. exd4 Bxh6 27. Rxh6 Kd6 28. Rh7 Rf8 29. Kf3 Kd5 30. Ke3 b5 31. Kd3 a5 32. b3 b4 33. Rg7 Rc8 34. Rxf7 Rc3+ 35. Kd2 Kxd4 36. Rd7+ Ke4 37. Re7 Rc6 38. Ke2 Rc2+ 39. Ke1 Rc6 40. Ke2 Rc2+ 41. Ke1 Kf3 42. Rxe6 Rxf2 43. Re5 Kxg3 44. Rxa5 f4 45. a3 Rb2 46. Rg5+ Kf3 47. axb4 Rxb3 48. b5 Rb1+ 49. Kd2 Kf2 50. Rf5 f3 51. Kc3 Kg2 52. Kc4 f2 53. Kc5 f1=Q 54. Rxf1 Kxf1 55. b6 Ke2 56. Kc6 Ke3 57. b7 Ke4 58. Kc7 Ke5 59. b8=Q Rxb8 60. Kxb8 1/2-1/2


[Site "https://www.chess.com"]

[Event "Titled Tuesday Blitz May 31 Late 2022"]
[White "Prabhu, Naveen"]
[Black "Ambartsumova, Karina"]
[WhiteFideId "30939372"]
[BlackFideId "4166299"]
[WhiteElo "2426"]
[BlackElo "2262"]
[Result "0-1"]
[Round "06"]
[TimeControl "180+1"]
[Date "2022.06.01"]
[WhiteClock "0:00:03"]
[BlackClock "0:00:21"]

1. e4 c5 2. Nf3 e6 3. d4 cxd4 4. Nxd4 a6 5. Nc3 b5 6. Bd3 Qb6 7. Be3 Bc5 8. Nce2 Nc6 9. c3 Nf6 10. Qd2 d5 11. b4 Bxd4 12. Nxd4 Nxd4 13. Bxd4 Qc6 14. Qg5 dxe4 15. Be2 e5 16. Bxe5 O-O 17. Bd4 h6 18. Qg3 Bf5 19. O-O Rfe8 20. Rfd1 Bg6 21. h3 Rac8 22. Bc5 Nh5 23. Bxh5 Bxh5 24. Rd6 Qb7 25. Rxh6 Bg6 26. Rh4 Qc7 27. Qe3 Qd8 28. g3 Qd3 29. Qg5 Qxc3 30. Rd1 Qf3 31. Re1 e3 32. Bxe3 Be4 33. Rxe4 Qxe4 34. h4 Qf3 35. h5 Re6 36. Qh4 Kh7 37. h6 gxh6 38. Qd4 Rg8 39. Rd1 Rxg3+ 40. fxg3 Qxg3+ 41. Kf1 Qf3+ 42. Bf2 Qe2+ 43. Kg2 Rg6+ 44. Kh1 Qh5+ 45. Bh4 Qf3+ 46. Kh2 Qg2# 0-1


[Site "https://www.chess.com"]

[Event "Titled Tuesday Blitz May 31 Late 2022"]
[White "Proudian, Armen"]
[Black "Flynn, Jacob"]
[WhiteFideId "2130734"]
[BlackFideId "2509393"]
[WhiteElo "2380"]
[BlackElo "1896"]
[Result "0-1"]
[Round "06"]
[TimeControl "180+1"]
[Date "2022.06.01"]
[WhiteClock "0:00:02"]
[BlackClock "0:00:02"]

1. e4 e5 2. Nf3 Nc6 3. Bb5 a6 4. Ba4 Nf6 5. d3 Bc5 6. O-O d6 7. c3 Ba7 8. Re1 h6 9. h3 Bd7 10. d4 Qe7 11. d5 Nb8 12. Be3 Bxe3 13. Rxe3 g5 14. Nbd2 Bxa4 15. Qxa4+ Nbd7 16. b4 g4 17. Nh4 Nxd5 18. Nf5 Qf6 19. Rg3 Nf4 20. Rxg4 O-O-O 21. b5 Nc5 22. Qa3 h5 23. Rxf4 exf4 24. bxa6 Nxa6 25. Rb1 Rhg8 26. Nf3 d5 27. Ne7+ Kb8 28. Nxg8 Rxg8 29. Qb2 b6 30. exd5 Qg6 31. Ne1 Nc5 32. Qc2 Qg5 33. c4 f3 34. Rb5 fxg2 35. Qb1 Qf6 36. Qb2 Qe7 37. Qd2 Re8 38. Nxg2 Rg8 39. f4 Qe4 40. Rb2 Nd3 41. Rb3 Nxf4 42. Rb2 Nxh3+ 43. Kh2 Ng5 44. Qf4 Nf3+ 45. Kh1 Qxf4 46. Nxf4 Rg1# 0-1


[Site "https://www.chess.com"]

[Event "Titled Tuesday Blitz May 31 Late 2022"]
[White "Richter, Nils"]
[Black "Novikova, Galina"]
[WhiteFideId "12990809"]
[BlackFideId "4157095"]
[WhiteElo "2243"]
[BlackElo "1863"]
[Result "1-0"]
[Round "06"]
[TimeControl "180+1"]
[Date "2022.06.01"]
[WhiteClock "0:00:21"]
[BlackClock "0:00:01"]

1. Nf3 e6 2. b3 f5 3. Bb2 Nf6 4. c4 Be7 5. g3 O-O 6. Bg2 d6 7. O-O e5 8. d3 Nc6 9. Nbd2 Qe8 10. e4 Qh5 11. Nh4 f4 12. Qxh5 Nxh5 13. Nf5 Bf6 14. Bf3 g6 15. Bxh5 gxf5 16. gxf4 exf4 17. Bxf6 Rxf6 18. Kh1 Kh8 19. Rg1 Nb4 20. Be2 Bd7 21. Rg5 Rg8 22. Rag1 Rxg5 23. Rxg5 Nxa2 24. exf5 Rxf5 25. Rg1 Nb4 26. Ne4 Bc6 27. Bg4 Rf8 28. Be2 f3 29. Bf1 Bxe4 30. dxe4 Nc2 31. Rg5 Nd4 32. b4 b6 33. h4 Ra8 34. Rd5 Ne2 35. b5 a5 36. bxa6 Rxa6 37. Kh2 Ra1 38. Bh3 Nf4 39. Rf5 Nxh3 40. Kxh3 Rc1 41. Rxf3 Rxc4 42. Rf7 c5 43. f3 b5 44. Kg4 b4 45. Kf5 Kg8 46. Rb7 Rc3 47. f4 Kf8 48. Ke6 1-0


[Site "https://www.chess.com"]

[Event "Titled Tuesday Blitz May 31 Late 2022"]
[White "Romanchuk, Viktor"]
[Black "Ozdemir, Serhan Berat"]
[WhiteFideId "14109271"]
[BlackFideId "6374611"]
[WhiteElo "2242"]
[BlackElo "1920"]
[Result "1-0"]
[Round "06"]
[TimeControl "180+1"]
[Date "2022.06.01"]
[WhiteClock "0:00:35"]
[BlackClock "0:00:02"]

1. d4 Nf6 2. c4 g6 3. Nf3 Bg7 4. g3 O-O 5. Bg2 d6 6. O-O c6 7. Nc3 Qa5 8. e4 e5 9. h3 Nbd7 10. Re1 Re8 11. Be3 exd4 12. Nxd4 a6 13. Qc2 Ne5 14. b3 c5 15. Nde2 Be6 16. Red1 Rad8 17. Nd5 Bxd5 18. cxd5 b5 19. a4 b4 20. f4 Ned7 21. Rac1 Nxe4 22. Bxe4 f5 23. Bxf5 gxf5 24. Bf2 Nf6 25. Kg2 Ne4 26. Ng1 Nxf2 27. Qxf2 Bd4 28. Qc2 Re4 29. Nf3 Rde8 30. Re1 Qd8 31. Rxe4 Rxe4 32. Ng5 Qa8 33. Nxe4 Qxd5 34. Re1 Bc3 35. Re2 fxe4 36. Qxe4 Qxe4+ 37. Rxe4 d5 38. Re8+ Kf7 39. Rc8 c4 40. bxc4 d4 41. Kf3 b3 42. Rb8 b2 43. Ke4 a5 44. Rb3 Ke6 45. g4 h6 46. Kd3 Kd6 47. h4 Ke6 48. h5 Kf6 49. c5 Ke6 50. g5 hxg5 51. fxg5 Kf5 52. c6 Ke6 53. c7 Kd7 54. g6 Kxc7 55. g7 1-0


[Site "https://www.chess.com"]

[Event "Titled Tuesday Blitz May 31 Late 2022"]
[White "Sadhwani, Raunak"]
[Black "Halkias, Stelios"]
[WhiteFideId "35093487"]
[BlackFideId "4201809"]
[WhiteElo "2616"]
[BlackElo "2453"]
[Result "1-0"]
[Round "06"]
[TimeControl "180+1"]
[Date "2022.05.31"]
[WhiteClock "0:01:20"]
[BlackClock "0:00:51"]

1. e4 c5 2. Nf3 d6 3. Bb5+ Nd7 4. Be2 Ngf6 5. Nc3 e6 6. d4 cxd4 7. Qxd4 a6 8. a4 b6 9. Be3 Bb7 10. O-O Qc7 11. Nd2 Be7 12. Rfd1 O-O 13. Nc4 e5 14. Qd3 Rfd8 15. Bg5 Nc5 16. Qe3 Nfxe4 17. Nxe4 Nxe4 18. Bxe7 Qxe7 19. Nxb6 Rab8 20. Bf3 f5 21. c4 Nf6 22. Bxb7 Rxb7 23. a5 Rbb8 24. Rd2 f4 25. Qf3 Qc7 26. b4 d5 27. cxd5 e4 28. d6 Qxb6 29. Qb3+ 1-0


[Site "https://www.chess.com"]

[Event "Titled Tuesday Blitz May 31 Late 2022"]
[White "Salimova, Nurgyul"]
[Black "Keller, Peter"]
[WhiteFideId "2915138"]
[BlackFideId "1272105"]
[WhiteElo "2185"]
[BlackElo "2275"]
[Result "1/2-1/2"]
[Round "06"]
[TimeControl "180+1"]
[Date "2022.06.01"]
[WhiteClock "0:00:04"]
[BlackClock "0:00:13"]

1. d4 Nf6 2. Nc3 d5 3. Bf4 c5 4. e3 a6 5. dxc5 e6 6. Nf3 Bxc5 7. Bd3 O-O 8. e4 dxe4 9. Nxe4 Nxe4 10. Bxe4 Nc6 11. O-O Qe7 12. Qe2 f6 13. Rad1 e5 14. Be3 Be6 15. Bxc6 bxc6 16. b3 a5 17. a4 Rfd8 18. Nd2 Bxe3 19. Qxe3 Rd4 20. Nf3 Rd5 21. Rd2 Rad8 22. Rfd1 Qb4 23. h3 h6 24. c4 Rxd2 25. Rxd2 Rxd2 26. Nxd2 Bf5 27. Ne4 Bxe4 28. Qxe4 c5 29. Qd5+ Kh7 30. Qd3+ Kg8 31. g3 Kf7 32. Kg2 Kg8 33. h4 Qb7+ 34. Kg1 Qb4 35. h5 Kf7 36. Qd7+ Kg8 37. Qe8+ Kh7 38. Qg6+ Kg8 39. Qd3 Kf7 40. Qd5+ Kf8 41. Qd8+ Kf7 42. Qd7+ Kf8 43. Qd6+ Kf7 44. Qd5+ Kf8 45. Qd8+ Kf7 46. Qd7+ 1/2-1/2


[Site "https://www.chess.com"]

[Event "Titled Tuesday Blitz May 31 Late 2022"]
[White "Shimanov, Aleksandr"]
[Black "Xiong, Jeffery"]
[WhiteFideId "4198603"]
[BlackFideId "2047640"]
[WhiteElo "2605"]
[BlackElo "2727"]
[Result "0-1"]
[Round "06"]
[TimeControl "180+1"]
[Date "2022.05.31"]
[WhiteClock "0:00:04"]
[BlackClock "0:00:21"]

1. e4 c5 2. Nf3 d6 3. d4 cxd4 4. Qxd4 Nc6 5. Bb5 a6 6. Bxc6+ bxc6 7. Nc3 e5 8. Qd3 Be7 9. O-O Be6 10. Rd1 Nf6 11. Bg5 Qa5 12. Bxf6 gxf6 13. Nh4 Rg8 14. b3 Rd8 15. Ne2 Rg4 16. Nf5 Bxf5 17. exf5 d5 18. Qh3 Rg7 19. Ng3 Qc5 20. Qh6 Rg4 21. Qxh7 Qxc2 22. Rac1 Qxa2 23. Rxc6 Qxb3 24. Rdc1 Rc4 25. h3 Rxc6 26. Rxc6 Qb7 27. Rc1 Ba3 28. Ra1 Qb2 29. Re1 Bc5 30. Re2 Qa1+ 31. Kh2 Ke7 32. Qg7 Bd6 33. h4 Rc8 34. h5 Rc4 35. Kh3 Qa4 36. Kh2 Rh4+ 37. Kg1 Qd1+ 38. Nf1 Qxe2 39. h6 e4 40. g3 Rh1+ 41. Kxh1 Qxf1+ 42. Kh2 Qxf2+ 43. Kh3 Qxf5+ 44. Kh4 Qg5+ 45. Kh3 Qh5+ 46. Kg2 Qf3+ 47. Kh2 Bxg3+ 48. Qxg3 Qxg3+ 49. Kxg3 Kf8 0-1


[Site "https://www.chess.com"]

[Event "Titled Tuesday Blitz May 31 Late 2022"]
[White "Shirov, Alexei"]
[Black "Sarana, Alexey"]
[WhiteFideId "2209390"]
[BlackFideId "24133795"]
[WhiteElo "2678"]
[BlackElo "2666"]
[Result "1-0"]
[Round "06"]
[TimeControl "180+1"]
[Date "2022.05.31"]
[WhiteClock "0:01:11"]
[BlackClock "0:00:29"]

1. e4 c5 2. Nc3 d6 3. d4 cxd4 4. Qxd4 Nc6 5. Qd2 g6 6. b3 Bh6 7. f4 f5 8. Bb2 Nf6 9. O-O-O Qa5 10. Kb1 fxe4 11. h3 Be6 12. g4 Bg7 13. Bg2 O-O-O 14. Nxe4 Qxd2 15. Nxd2 Rhg8 16. Ne2 Bd5 17. Bxd5 Nxd5 18. Nc4 Bxb2 19. Kxb2 Nf6 20. Ng3 Rgf8 21. Rhe1 b5 22. Ne3 a6 23. f5 Ne5 24. Nd5 Nxd5 25. Rxd5 Kc7 26. Rd4 Rf7 27. Rf4 Rdf8 28. a4 Kb6 29. axb5 axb5 30. Ref1 Nc6 31. fxg6 Rxf4 32. Rxf4 Rg8 33. gxh7 Rh8 34. Rf7 Kc7 35. g5 Kd7 36. g6 Ne5 37. g7 Nxf7 38. g8=Q 1-0


[Site "https://www.chess.com"]

[Event "Titled Tuesday Blitz May 31 Late 2022"]
[White "Shuvalova, Polina"]
[Black "Swiercz, Dariusz"]
[WhiteFideId "24171760"]
[BlackFideId "1126881"]
[WhiteElo "2355"]
[BlackElo "2627"]
[Result "0-1"]
[Round "06"]
[TimeControl "180+1"]
[Date "2022.05.31"]
[WhiteClock "0:00:15"]
[BlackClock "0:00:34"]

1. e4 e6 2. d4 d5 3. Nc3 Bb4 4. e5 c5 5. a3 Bxc3+ 6. bxc3 Ne7 7. a4 Qc7 8. Nf3 h6 9. Be2 b6 10. Bb5+ Bd7 11. Be2 Nbc6 12. O-O O-O 13. Be3 c4 14. Qc1 f6 15. exf6 Rxf6 16. g3 Raf8 17. Ne1 e5 18. dxe5 Nxe5 19. Qa3 Nf5 20. Bf4 g5 21. Bd2 d4 22. Rd1 Bc6 23. Bc1 Nh4 24. gxh4 gxh4 25. f4 Qg7+ 26. Kf2 Rxf4+ 27. Bxf4 Rxf4+ 28. Nf3 Nxf3 29. Bxc4+ Kh8 30. Ke2 Qe5+ 31. Kf2 Qe3+ 32. Kg2 Ng5+ 0-1


[Site "https://www.chess.com"]

[Event "Titled Tuesday Blitz May 31 Late 2022"]
[White "Silva, Miguel Antonio Neto"]
[Black "Van Foreest, Jorden"]
[WhiteFideId "1911929"]
[BlackFideId "1039784"]
[WhiteElo "2204"]
[BlackElo "2609"]
[Result "0-1"]
[Round "06"]
[TimeControl "180+1"]
[Date "2022.06.01"]
[WhiteClock "0:00:09"]
[BlackClock "0:00:42"]

1. e4 c5 2. Nf3 e6 3. d4 cxd4 4. Nxd4 Bc5 5. Nb3 Bb6 6. Nc3 Ne7 7. Bd3 O-O 8. Qe2 f5 9. Be3 Nbc6 10. O-O-O Bxe3+ 11. Qxe3 f4 12. Qe2 Ng6 13. h4 Nge5 14. f3 Qe7 15. Bb5 a6 16. Bxc6 bxc6 17. Qd2 a5 18. Qd4 Qf6 19. Nc5 Rd8 20. Nd3 Nxd3+ 21. Rxd3 Qxd4 22. Rxd4 d5 23. Na4 e5 24. Rd2 Be6 25. Nc5 Bf7 26. exd5 cxd5 27. Re1 Rac8 28. Nd3 e4 29. fxe4 dxe4 30. Nxf4 Re8 31. a3 e3 32. Rde2 Re4 33. g3 Bb3 34. c3 Rd8 35. Ng2 Re6 36. Nxe3 Red6 37. Nc2 Bf7 38. Nd4 a4 39. Re7 h6 40. Rf1 Bc4 41. Rfe1 Rg6 42. R7e3 Kh7 43. Kd2 Rb8 44. Kc1 Rgb6 45. R3e2 Bxe2 46. Rxe2 Kg6 47. Re6+ Kh5 48. Re4 Rf6 49. Ne2 Rf1+ 50. Kc2 Rf2 51. Kd2 Rxb2+ 52. Kd3 Rf3+ 53. Kd4 g5 54. hxg5 hxg5 55. g4+ Kh4 56. Ke5 Rb8 57. Nd4 Re8+ 58. Kd5 Rxe4 59. Kxe4 Rxc3 0-1


[Site "https://www.chess.com"]

[Event "Titled Tuesday Blitz May 31 Late 2022"]
[White "Suder, Jakub"]
[Black "Jumabayev, Rinat"]
[WhiteFideId "1195310"]
[BlackFideId "13702661"]
[WhiteElo "2058"]
[BlackElo "2561"]
[Result "0-1"]
[Round "06"]
[TimeControl "180+1"]
[Date "2022.05.31"]
[WhiteClock "0:00:47"]
[BlackClock "0:00:03"]

1. d4 g6 2. c4 Bg7 3. Nc3 d6 4. e4 e5 5. Be3 exd4 6. Bxd4 Nf6 7. f3 Nc6 8. Bf2 O-O 9. Nge2 a5 10. Nd4 Ne5 11. Be2 Nh5 12. g3 f5 13. exf5 gxf5 14. O-O f4 15. g4 Nf6 16. h3 Qe8 17. Kg2 Qf7 18. Rc1 h5 19. g5 Nh7 20. h4 Re8 21. Ne4 Nf8 22. Qc2 Nfg6 23. Rg1 a4 24. Rce1 Kh8 25. Nc3 Qd7 26. Rh1 c6 27. Bd3 Qf7 28. Bxg6 Nxg6 29. Rxe8+ Qxe8 30. Re1 Qf7 31. Ne4 Be5 32. Nf6 Bxf6 33. gxf6 Qxf6 34. Re8+ Kh7 35. Kg1 Bf5 36. Nxf5 Rxe8 37. c5 dxc5 38. Qxc5 Re5 39. Qd6 Qxf5 40. Qc7+ Re7 41. Qd6 Qe6 42. Qd4 Qd5 43. Qf6 Qxf3 44. Kf1 Qd1+ 45. Kg2 Qg4+ 46. Kf1 f3 47. Qxe7+ Nxe7 0-1


[Site "https://www.chess.com"]

[Event "Titled Tuesday Blitz May 31 Late 2022"]
[White "Suich, Peter D"]
[Black "Tregubov, Pavel V."]
[WhiteFideId "2050366"]
[BlackFideId "4115341"]
[WhiteElo "2437"]
[BlackElo "2341"]
[Result "0-1"]
[Round "06"]
[TimeControl "180+1"]
[Date "2022.06.01"]
[WhiteClock "0:00:10"]
[BlackClock "0:00:16"]

1. d4 Nf6 2. c4 e6 3. g3 Bb4+ 4. Bd2 Qe7 5. Nf3 Bxd2+ 6. Qxd2 Nc6 7. Nc3 d5 8. cxd5 exd5 9. Bg2 O-O 10. O-O Re8 11. Rac1 Bf5 12. a3 a6 13. b4 Rad8 14. Qf4 Be4 15. e3 h6 16. Nxe4 dxe4 17. Nd2 g5 18. Qf5 Rd5 19. Qh3 Kg7 20. Bh1 a5 21. bxa5 Rxa5 22. Nc4 Ra6 23. Rfd1 b5 24. Nd2 Qxa3 25. Qf5 b4 26. Nxe4 Ne7 27. Qb5 c6 28. Qb7 Ra7 29. Qb6 Nfd5 30. Qc5 b3 31. Rb1 Rb8 32. Qc4 Qb4 33. Qd3 b2 34. h4 Ra3 35. Qe2 Qb5 36. Qxb5 Rxb5 37. hxg5 hxg5 38. Kh2 g4 39. Bg2 f5 40. Rd2 fxe4 41. Rdxb2 Rxb2 42. Rxb2 Nf6 43. Re2 Rb3 44. Bf1 Rc3 45. Kg2 c5 46. Rd2 cxd4 47. Rxd4 Rc2 48. Rd2 Rxd2 49. Bc4 Nc6 50. Be6 Ne5 51. Bf5 Nf3 52. Bxe4 Nxe4 0-1


[Site "https://www.chess.com"]

[Event "Titled Tuesday Blitz May 31 Late 2022"]
[White "Taboas Rodriguez, Daniel"]
[Black "Fedoseev, Vladimir"]
[WhiteFideId "2208466"]
[BlackFideId "24130737"]
[WhiteElo "2429"]
[BlackElo "2726"]
[Result "0-1"]
[Round "06"]
[TimeControl "180+1"]
[Date "2022.05.31"]
[WhiteClock "0:01:36"]
[BlackClock "0:01:01"]

1. d4 Nf6 2. Nf3 g6 3. c4 Bg7 4. Nc3 O-O 5. e4 d6 6. Be2 Na6 7. Bg5 c5 8. d5 h6 9. Bf4 Nh5 10. Be3 e5 11. g3 Nf6 12. Nd2 Re8 13. a3 Nc7 14. h4 h5 15. Nf3 Ng4 16. Bd2 f6 17. Nh2 Nxh2 18. Rxh2 f5 19. exf5 Bxf5 20. Bg5 Qd7 21. Qd2 e4 22. O-O-O Rab8 23. Rhh1 b5 24. Nxb5 Nxb5 25. cxb5 Rxb5 26. Bxb5 Qxb5 27. Rhe1 Rb8 28. Re2 e3 29. Qxe3 Bxb2+ 30. Kd2 Qa5+ 0-1


[Site "https://www.chess.com"]

[Event "Titled Tuesday Blitz May 31 Late 2022"]
[White "Taichman, Ori"]
[Black "Sjugirov, Sanan"]
[WhiteFideId "2804069"]
[BlackFideId "4189302"]
[WhiteElo "2227"]
[BlackElo "2602"]
[Result "0-1"]
[Round "06"]
[TimeControl "180+1"]
[Date "2022.05.31"]
[WhiteClock "0:00:17"]
[BlackClock "0:01:20"]

1. e4 g6 2. d4 d6 3. Nc3 Bg7 4. Bg5 a6 5. f4 Nd7 6. Nf3 c5 7. a4 cxd4 8. Nxd4 Ngf6 9. a5 O-O 10. Bc4 Qc7 11. Qe2 b5 12. Bd5 Rb8 13. Nc6 e6 14. Nxb8 exd5 15. Nxd7 Qxd7 16. Bxf6 Bxf6 17. Nxd5 Bg7 18. c3 Bb7 19. O-O f5 20. Nb6 Qe6 21. e5 dxe5 22. fxe5 Bxe5 23. Rae1 Be4 24. Qd2 Bc7 25. Qd4 Rd8 26. Qc5 Bd6 27. Rxe4 Bxc5+ 0-1


[Site "https://www.chess.com"]

[Event "Titled Tuesday Blitz May 31 Late 2022"]
[White "Tanenbaum, Zachary"]
[Black "Przybylski, Wojciech"]
[WhiteFideId "2060850"]
[BlackFideId "1117599"]
[WhiteElo "2168"]
[BlackElo "2133"]
[Result "0-1"]
[Round "06"]
[TimeControl "180+1"]
[Date "2022.06.01"]
[WhiteClock "0:00:03"]
[BlackClock "0:00:14"]

1. e4 c5 2. Nf3 e6 3. d4 cxd4 4. Nxd4 Nc6 5. Nc3 Qc7 6. g3 a6 7. Bg2 Nf6 8. O-O d6 9. Re1 Be7 10. Nxc6 bxc6 11. e5 dxe5 12. Rxe5 O-O 13. Bf4 Qb6 14. Na4 Qb7 15. Qf3 Bd7 16. Nc5 Qxb2 17. Rd1 Rfd8 18. Rg5 Qxc2 19. Be5 Be8 20. Rf1 Kf8 21. Rxg7 Kxg7 22. Ne4 Kf8 23. Bxf6 Bxf6 24. Qxf6 Rd5 25. Ng5 Qf5 26. Qh6+ Ke7 27. Bxd5 cxd5 28. Rc1 Rd8 29. Qh4 Qf6 30. Qb4+ Rd6 31. Rc7+ Bd7 32. Nxh7 Qa1+ 33. Kg2 Qe5 34. Rb7 Qe4+ 35. Qxe4 dxe4 36. Ng5 f5 37. h4 Kf6 38. Rb8 Bc6 39. Kh2 Rd2 40. Kg1 Rd1+ 41. Kg2 e3+ 42. Nf3 e2 43. g4 Bxf3+ 44. Kxf3 e1=Q 45. g5+ Ke5 46. Rb5+ Kd6 0-1


[Site "https://www.chess.com"]

[Event "Titled Tuesday Blitz May 31 Late 2022"]
[White "Vasquez Schroeder, Rodrigo"]
[Black "Dubov, Daniil"]
[WhiteFideId "3400042"]
[BlackFideId "24126055"]
[WhiteElo "2567"]
[BlackElo "2791"]
[Result "1-0"]
[Round "06"]
[TimeControl "180+1"]
[Date "2022.05.31"]
[WhiteClock "0:00:34"]
[BlackClock "0:00:02"]

1. e4 c5 2. Nf3 d6 3. d4 cxd4 4. Nxd4 Nf6 5. Nc3 a6 6. Bg5 e6 7. f4 Qb6 8. Bxf6 gxf6 9. Qd2 Qxb2 10. Nb3 Qa3 11. Be2 Nd7 12. O-O h5 13. Kh1 b5 14. Nb1 Qa4 15. Nc3 Qa3 16. Nb1 Qb2 17. Nc3 b4 18. Nd1 Qa3 19. Ne3 Bb7 20. Nc4 Qa4 21. Nxd6+ Bxd6 22. Qxd6 Qc6 23. Qd2 a5 24. Rfd1 Ke7 25. Bf3 Qc7 26. a3 bxa3 27. Rxa3 Rhd8 28. Rxa5 Rxa5 29. Nxa5 Ba6 30. e5 1-0


[Site "https://www.chess.com"]